 Dungeon Crawl Stone Soup version 0.29-a0-323-g050149af67 (webtiles) character file.

Game seed: 10544544940083788611

3850 dracfodder the Thaumaturge (level 10, -5/54 HPs)
             Began as a Gargoyle Fire Elementalist on Apr 11, 2022.
             Was a Follower of Vehumet.
             Slain by a centaur warrior (9 damage)
             ... on level 8 of the Dungeon on Apr 12, 2022.
             The game lasted 01:02:28 (10071 turns).

dracfodder the Thaumaturge (GrFE)                  Turns: 10071, Time: 01:02:29

Health: -5/54      AC: 29    Str: 11    XL:     10   Next: 18%
Magic:  22/22      EV:  5    Int: 28    God:    Vehumet [*.....]
Gold:   360        SH:  0    Dex: 13    Spells: 11/26 levels left

rFire   + . .      SeeInvis .   J - +2 glaive (flame)
rCold   . . .      Faith    .   (shield currently unavailable)
rNeg    + . .      Spirit   .   c - +5 chain mail "Qesisty" {rElec Int+7 Dex-3}
rPois   ∞          Reflect  .   (no helmet)
rElec   +          Harm     .   C - +1 cloak
rCorr   .          Rampage  .   q - +2 pair of gloves
Will    +....                   l - +2 pair of boots
Stlth   ..........              (no amulet)
HPRegen 0.18/turn               z - +6 ring of dexterity
MPRegen 0.18/turn               (no ring)

@: no status effects
A: sickness immunity, AC +7, negative energy resistance 1, electricity
resistance, torment resistance 1, petrification resistance, fire resistance 1,
strong-willed 1
a: Renounce Religion


You were on level 8 of the Dungeon.
You worshipped Vehumet.
Vehumet was aware of your devotion.
You visited 2 branches of the dungeon, and saw 9 of its levels.
You also visited: Sewer.

You collected 360 gold pieces.

Inventory:

Hand Weapons
 d - a +0 hunting sling
 D - a +0 dagger
 J - a +2 glaive of flaming (weapon)
Missiles
 g - 334 stones
 i - 18 poisoned darts
 F - 4 boomerangs
Armour
 c - the +5 chain mail "Qesisty" (worn) {rElec Int+7 Dex-3}
   (You took it off an orc priest on level 7 of the Dungeon)

   Int:       It affects your intelligence (+7).
   Dex:       It affects your dexterity (-3).
   rElec:     It insulates you from electricity.
 e - a scarf of shadows
 l - a +2 pair of boots (worn)
 m - a +0 troll leather armour {Pargi}
 q - a +2 pair of gloves (worn)
 C - a +1 cloak (worn)
Jewellery
 z - a +6 ring of dexterity (left hand)
 B - a ring of protection from cold
Wands
 p - a wand of paralysis (6)
 x - a wand of iceblast (2)
 E - a wand of acid (7)
 I - a wand of digging (3)
Scrolls
 f - 2 scrolls of amnesia
 h - 4 scrolls of teleportation
 t - 2 scrolls of fear
 y - 2 scrolls of blinking
 G - a scroll of brand weapon {unknown}
 H - a scroll of enchant weapon {unknown}
Potions
 a - 4 potions of brilliance
 b - 4 potions of magic
 j - 3 potions of resistance
 k - a potion of heal wounds
 o - 5 potions of curing
 r - 2 potions of might
 s - 2 potions of flight {unknown}
 u - 3 potions of lignification {unknown}
 v - a potion of mutation
 w - a potion of ambrosia {unknown}
 A - a potion of invisibility {unknown}


   Skills:
 + Level 2.7 Fighting
 + Level 0.1 Short Blades
 + Level 2.2 Polearms
 + Level 3.1 Slings
 + Level 2.7 Armour
 + Level 2.4 Dodging
 + Level 3.1 Stealth
 * Level 8.8 Spellcasting
 * Level 5.9 Conjurations
 + Level 6.6 Fire Magic
 + Level 2.1 Ice Magic
 + Level 0.9 Evocations


You had 11 spell levels left.
You knew the following spells:

 Your Spells              Type           Power      Damage    Failure   Level
a - Foxfire               Conj/Fire      100%       2x1d9     17%         1
b - Scorch                Fire           98%        2d10      22%         2
c - Freeze                Ice            96%        1d11      67%         1
d - Flame Wave            Conj/Fire      47%        2d10      86%         4
e - Frozen Ramparts       Ice            48%        1d6       96%         3
f - Sticky Flame          Conj/Fire      47%        2d6       86%         4

Your spell library contained the following spells:

 Spells                   Type           Power      Damage    Failure   Level
 Magic Dart               Conj           100%       1d8       19%         1
 Conjure Flame            Conj/Fire      47%        6-21      45%         3
 Static Discharge         Conj/Air       29%        N/A       69%         2
 Inner Flame              Hex/Fire       30%        N/A       86%         3
 Animate Skeleton         Necr           24%        N/A       92%         1
 Apportation              Tloc           24%        N/A       92%         1
 Summon Small Mammal      Summ           48%        N/A       92%         1
 Hailstorm                Conj/Ice       35%        3d9       99%         4
 Dispel Undead            Necr           12%        3d9       100%        4


Dungeon Overview and Level Annotations

Branches:
Dungeon (8/15)             Temple (1/1) D:5           Sewer (visited)
   Lair: D:8-11

Altars:
Ashenzari
Cheibriados
Dithmenos
Elyvilon
Fedhas
Gozag
Hepliaklqana
Kikubaaqudgha
Makhleb
Nemelex Xobeh
Okawaru
Qazlal
Ru
Sif Muna
Trog
Uskayaw
Vehumet
Wu Jian
Xom
Yredelemnul
Zin
The Shining One

Shops:
D:2 :   D:6 [

Annotations:
D:5 Dowan, Duvessa


Innate Abilities, Weirdness & Mutations

You are immune to sickness and miasma.
Your stone body is resilient. (AC +7)
You are immune to poison.
You resist negative energy. (rN+)
You are resistant to electric shocks. (rElec)
You are resistant to unholy torment.
You are immune to petrification.
Your flesh is heat resistant. (rF+)
You are strong-willed. (Will+)


Message History

You closely miss the centaur warrior.
The centaur warrior is moderately wounded.
The centaur warrior hits you but does no damage.
The centaur warrior kicks you but does no damage.
The centaur warrior hits you.
The centaur warrior kicks you but does no damage.
The centaur warrior hits you but does no damage.
The centaur warrior kicks you but does no damage.
You closely miss the centaur warrior.
The centaur warrior is moderately wounded.
The centaur warrior hits you but does no damage.
The centaur warrior kicks you. The centaur warrior hits you.
The centaur warrior kicks you but does no damage.
You slash the centaur warrior! You burn the centaur warrior.
The centaur warrior is heavily wounded.
The centaur warrior hits you but does no damage.
The centaur warrior kicks you but does no damage.
The centaur warrior closely misses you.
The centaur warrior kicks you but does no damage.
You hit the centaur warrior but do no damage.
The centaur warrior is heavily wounded.
The centaur warrior hits you but does no damage.
The centaur warrior kicks you but does no damage.
The centaur warrior hits you!
* * * LOW HITPOINT WARNING * * *
The centaur warrior kicks you.
* * * LOW HITPOINT WARNING * * *
The centaur warrior hits you but does no damage.
The centaur warrior completely misses you.
You closely miss the centaur warrior.
The centaur warrior is heavily wounded.
The centaur warrior hits you!
* * * LOW HITPOINT WARNING * * *
The centaur warrior kicks you but does no damage.
The centaur warrior hits you but does no damage.
The centaur warrior kicks you but does no damage.
You barely miss the centaur warrior.
The centaur warrior is heavily wounded.
The centaur warrior hits you!
You die...

.......#..................#
.......+..................#
.......#..................#
.......#..................#
#†######..................###+###
#.##.#......###########..........
.....#......+....+ #..........
.....#......#...c# #........).
.....#......#...@# #..........
.....#......#....# #..........
#+##'#......##...########........
.............###'##...[.'........
.............#..........#........
.............#..........#........
.............#..........#........
.............##+#########........
########...... ...######


You could see a centaur warrior.

Vanquished Creatures
  Joseph (D:7)
  Maggie (D:7)
  5 yaks (D:8)
  A steam dragon (D:7)
  2 sky beasts
  Pargi (Sewer)
  3 ice beasts
  A black bear (D:6)
  2 ogres (D:5)
  A phantom (D:7)
  2 kobold brigands
  A necrophage (D:4)
  3 bullfrogs
  A scorpion (D:6)
  3 wights (D:7)
  A gnoll shaman (D:7)
  6 hounds
  3 jellies
  4 orc priests
  2 iguanas (D:5)
  Terence (D:3)
  4 orc wizards
  5 gnolls
  6 adders
  A shadow imp (D:7)
  2 white imps
  2 ufetubi
  2 worms (D:3)
  3 dart slugs
  29 orcs
  9 bats
  6 endoplasms
  4 giant cockroaches
  8 goblins
  6 hobgoblins
  6 jackals
  18 kobolds
  A quokka (D:1)
  8 ball pythons
  5 frilled lizards
  A goblin zombie (D:5)
  8 rats
  A rat zombie (D:5)
180 creatures vanquished.

Vanquished Creatures (others)
  An orc wizard (D:3)
  A quokka (D:7)
  322 foxfires
  2 plants (D:1)
326 creatures vanquished.

Grand Total: 506 creatures vanquished

Notes
Turn   | Place    | Note
-------+----------+-------------------------------------------
     0 | D:1      | dracfodder the Gargoyle Fire Elementalist began the quest
                  | for the Orb.
     0 | D:1      | Reached XP level 1. HP: 10/10 MP: 3/3
   111 | D:1      | Reached XP level 2. HP: 15/15 MP: 3/5
   134 | D:1      | Learned a level 2 spell: Scorch
   888 | D:1      | Reached XP level 3. HP: 19/19 MP: 3/6
  1787 | D:2      | Learned a level 1 spell: Freeze
  2104 | D:2      | Reached XP level 4. HP: 24/24 MP: 6/8
  2208 | D:2      | Found Rusuruf's Book Shoppe.
  2439 | D:2      | Gained mutation: You are dopey. (Int -2) [potion of
                  | mutation]
  2559 | D:3      | Found a glowing drain.
  2617 | Sewer    | Entered a sewer
  2671 | Sewer    | Noticed Pargi
  2679 | Sewer    | Killed Pargi
  2680 | Sewer    | Reached skill level 1 in Slings
  2680 | Sewer    | Reached skill level 3 in Spellcasting
  2680 | Sewer    | Reached XP level 5. HP: 28/28 MP: 0/9
  2704 | Sewer    | Lost mutation: You are dopey. (Int -2) [potion of mutation]
  2704 | Sewer    | Gained mutation: You are strong-willed. (Will+) [potion of
                  | mutation]
  2704 | Sewer    | Gained mutation: Your flesh is heat resistant. (rF+)
                  | [potion of mutation]
  2858 | D:3      | Reached XP level 6. HP: 32/33 MP: 2/11
  3446 | D:3      | Noticed Terence
  3450 | D:3      | Killed Terence
  3544 | D:3      | Found a faded altar of an unknown god.
  4055 | D:4      | Reached skill level 4 in Spellcasting
  4956 | D:5      | Entered Level 5 of the Dungeon
  5006 | D:5      | Noticed Duvessa
  5139 | D:5      | Reached XP level 7. HP: 37/37 MP: 1/13
  5282 | D:5      | Reached skill level 1 in Fighting
  5399 | D:5      | Noticed Dowan
  5502 | D:5      | Found a staircase to the Ecumenical Temple.
  5573 | Temple   | Entered the Ecumenical Temple
  5679 | D:5      | Reached skill level 5 in Spellcasting
  6268 | D:5      | Reached XP level 8. HP: 44/44 MP: 9/16
  6427 | D:6      | Reached skill level 5 in Fire Magic
  6539 | D:6      | Learned a level 4 spell: Flame Wave
  6543 | D:6      | Learned a level 3 spell: Frozen Ramparts
  6548 | D:6      | Learned a level 4 spell: Sticky Flame
  6845 | D:6      | Reached skill level 1 in Armour
  6847 | D:6      | Reached skill level 6 in Spellcasting
  7068 | D:6      | Found Qoanifah's Armour Boutique.
  7881 | D:7      | Identified the +5 chain mail "Qesisty" {rElec Int+7 Dex-3}
  8318 | Temple   | Became a worshipper of Vehumet
  8445 | D:6      | Reached skill level 1 in Ice Magic
  8508 | D:6      | Reached XP level 9. HP: 48/48 MP: 10/19
  8741 | D:7      | Reached skill level 7 in Spellcasting
  8980 | D:7      | Noticed Joseph
  8995 | D:7      | Killed Joseph
  9133 | D:7      | Reached skill level 5 in Conjurations
  9241 | D:7      | Found a white marble altar of Elyvilon.
  9267 | D:7      | Reached * piety under Vehumet
  9267 | D:7      | Offered knowledge of Magic Dart by Vehumet.
  9398 | D:7      | Reached skill level 8 in Spellcasting
  9541 | D:7      | Noticed Maggie
  9551 | D:7      | Killed Maggie
  9833 | D:8      | Reached XP level 10. HP: 30/53 MP: 22/22
  9837 | D:8      | Reached skill level 1 in Polearms
 10059 | D:8      | Noticed a centaur warrior
 10071 | D:8      | Slain by a centaur warrior

Illustrated notes

Levels and vault maps discovered:
D:1:      erik_arrival_triangle_small, layout_basic, chequers_big_river
D:2:      layout_basic, serial_shops, shop
D:3:      layout_basic, portal_sewer_entry_b,
          hellmonk_ecumenical_altar_heavens_door, dk_noncrumbling_4,
          uniq_terence
D:4:      layout_loops_ring, serial_glass, glass_columns_a, glass_columns_b,
          glass_columns_a, glass_columns_c, glass_columns_b, glass_columns_b
D:5:      layout_rooms, temple_green, enter_ossuary_4, sigmund_army,
          uniq_duvessa
D:6:      layout_gridville, serial_shops, kennysheep_mini
D:7:      layout_rooms, elyvilon_altar_4, uniq_joseph, uniq_maggie
D:8:      layout_gridville, serial_shops, nicolae_shop_bloodbath_and_beyond,
          uniq_grum
Temple:   mainiacjoe_temple_archimedes_tessellation

Skill      XL: |  1  2  3  4  5  6  7  8  9 10 |
---------------+-------------------------------+-----
Slings         | 1 2 3 |  3.1
Spellcasting   | 3 4 5 6 8 |  8.8
Conjurations   | 2 3 4 5 |  5.9
Fire Magic     | 4 5 6 |  6.6
Fighting       | 1 2 |  2.7
Dodging        | 2 |  2.4
Armour         | 1 2 |  2.7
Ice Magic      | 1 2 |  2.1
Stealth        | 3 |  3.1
Polearms       | 2 |  2.2
Short Blades   | |  0.1
Evocations     | |  0.9

Action                   |  1- 3 |  4- 6 |  7- 9 | 10-12 || total
-------------------------+-------+-------+-------+-------++-------
Melee: Glaive            |       |       |    22 |    36 ||    58
       Dagger            |       |       |     4 |       ||     4
 Fire: Hunting sling     |    40 |    35 |    33 |       ||   108
 Cast: Foxfire           |    35 |    67 |    83 |       ||   185
       Scorch            |    16 |    28 |    67 |       ||   111
       Freeze            |     5 |     9 |    16 |       ||    30
       Flame Wave        |       |       |     8 |       ||     8
       Frozen Ramparts   |       |       |     1 |       ||     1
Evoke: Wand              |       |     6 |    14 |       ||    20
  Use: Scroll            |     3 |     9 |     5 |       ||    17
       Potion            |       |     2 |     1 |     2 ||     5
 Stab: Paralysed         |       |       |     3 |       ||     3
Armor: Robe              |    11 |     2 |       |       ||    13
       Troll leather arm |       |    43 |    63 |       ||   106
       Chain mail        |       |       |    29 |    49 ||    78
Dodge: Dodged            |    23 |    37 |    92 |    11 ||   163

Table legend: (Time is in decaauts)
 A = Elapsed time spent in this place.
 B = Non-inter-level travel time spent in this place.
 C = Inter-level travel time spent in this place.
 D = Time resting spent in this place.
 E = Time spent auto-exploring this place.
 F = Levels seen in this place.
 G = Mean time per level.
                   A        B        C        D        E       F      G
               +--------+--------+--------+--------+--------+-----+--------+
         Total |  10180 |   9834 |    346 |   3011 |   4948 |  10 | 1018.0 |
       Dungeon |   9726 |   9445 |    281 |   2911 |   4743 |   8 | 1215.8 |
        Temple |    294 |    229 |     65 |     31 |    177 |   1 |  294.0 |
         Sewer |    159 |    159 |      0 |     69 |     28 |   1 |  159.0 |
               +--------+--------+--------+--------+--------+-----+--------+

Top non-repeatable levels by time:
     D:6: 1903 daAuts
     D:3: 1422 daAuts
     D:1: 1331 daAuts
     D:5: 1316 daAuts
     D:7: 1192 daAuts
     D:2: 1160 daAuts
     D:4: 1026 daAuts
     D:8: 372 daAuts
  Temple: 294 daAuts
   Sewer: 159 daAuts
